 Dungeon Crawl Stone Soup version 0.31.0-4-g52a2dc7128 (webtiles) character file.

Game seed: 1608459612242256184

43 Laraso the Magician (level 3, -9/19 HPs)
             Began as a Deep Elf Earth Elementalist on Jan 21, 2024.
             Mangled by a gnoll
             ... wielding a +2 heavy halberd
              (20 damage)
             ... on level 3 of the Dungeon.
             The game lasted 00:02:01 (1907 turns).

Laraso the Magician (Deep Elf Earth Elementalist)   Turns: 1907, Time: 00:02:01

Health: -9/19      AC:  2    Str:  5    XL:     3   Next: 37%
Magic:  9/11       EV: 12    Int: 21    God:
Gold:   133        SH:  0    Dex: 15    Spells: 8/12 levels left

rFire   . . .        p - +2 dagger (drain)
rCold   . . .        (no shield)
rNeg    . . .        a - +0 robe
rPois   .            (no helmet)
rElec   .            (no cloak)
rCorr   .            (no gloves)
SInv    .            (no boots)
Will    .....        (no amulet)
Stlth   ++           (no ring)
HPRegen 0.23/turn    (no ring)
MPRegen 0.12/turn

%: no passive effects
@: very slightly contaminated
A: no striking features
a: no special abilities


You were on level 3 of the Dungeon.
You visited 1 branch of the dungeon, and saw 3 of its levels.

You collected 133 gold pieces.

Inventory:

Hand Weapons
 p - a +2 dagger of draining (weapon)
Armour
 a - a +0 robe (worn)
Jewellery
 c - a ring of fire
 f - a ring of flight
Scrolls
 d - a scroll of amnesia {unknown}
 e - a scroll of poison {unknown}
 g - a scroll of acquirement {unknown}
 h - 2 scrolls of identify {unknown}
 l - a scroll of teleportation {unknown}
 n - a scroll of fog {unknown}
 q - a scroll of torment {unknown}
Potions
 b - a potion of magic
 i - a potion of heal wounds {unknown}
 j - a potion of mutation {unknown}
 k - a potion of might {unknown}
 m - 2 potions of degeneration {unknown}
 o - a potion of curing {unknown}


   Skills:
 - Level 2.4 Dodging
 - Level 2.4 Stealth
 * Level 5.3 Spellcasting
 - Level 1.1 Conjurations
 - Level 3.2 Earth Magic


You had 8 spell levels left.
You knew the following spells:

 Your Spells              Type           Power      Damage    Failure   Level
a - Sandblast             Erth           38%        2d10      2%          1
b - Stone Arrow           Conj/Erth      28%        3d8       13%         3

Your spell library contained the following spells:

 Spells                   Type           Power      Damage    Failure   Level
 Passwall                 Erth           19%        N/A       9%          3
 Brom's Barrelling Bould  Conj/Erth      14%        2d4       38%         4
 Petrify                  Alch/Erth      12%        N/A       47%         4


Dungeon Overview and Level Annotations

Branches:
Dungeon (3/15)

Altars:

Shops:
D:1 =


Message History

You climb downwards.
You hear the sound of rushing water.
There is an entrance to a sewer on this level.
Hurry and find it before the portal rusts away!
Found a ring of flight and 13 gold pieces.
There is a stone staircase leading up here.
You now have 133 gold pieces (gained 13).
There is a stone staircase leading up here.
Found a stone staircase leading down. 3 gnolls come into view.
A gnoll is wielding a +2 heavy halberd.
Found 2 gold pieces.
The gnoll shouts!
You hear a shout!
Casting: Sandblast (safe; 2% risk of failure)
Confirm with . or Enter, or press ? or * to list all spells.
Aiming: Sandblast (safe; 2% risk of failure)
Press: ? - help, Shift-Dir - straight line, f - gnoll
Aim: a gnoll, wielding a +0 whip (wandering, hasn't noticed you, 84% to hit)
The blast of sand hits the gnoll!
The gnoll is severely wounded.
The gnoll shouts!
A gnoll comes into view. It is wielding a +0 spear.
There is a stone staircase leading up here.
Casting: Sandblast (safe; 2% risk of failure)
Confirm with . or Enter, or press ? or * to list all spells.
Aiming: Sandblast (safe; 2% risk of failure)
Press: ? - help, Shift-Dir - straight line, f/p - gnoll
Aim: a gnoll, wielding a +0 whip (severely wounded, 84% to hit)
You miscast Sandblast.
You are very lightly contaminated with residual magic.
Nothing appears to happen.
Casting: Sandblast (safe; 2% risk of failure)
Confirm with . or Enter, or press ? or * to list all spells.
Aiming: Sandblast (safe; 2% risk of failure)
Press: ? - help, Shift-Dir - straight line, f/p - gnoll
Aim: a gnoll, wielding a +0 whip (severely wounded, 84% to hit)
The blast of sand misses the gnoll.
The gnoll hits you with a +0 whip.
Unknown command.
The gnoll hits you with a +0 whip.
The gnoll hits you from afar with a +2 heavy halberd!!
Ouch! That really hurt!
You die...

#######
#.....#
###.#...#
#.gg@..=#
#g#######
#.# #g#
.g.gg......#
...######..#
.... ..##
#>..


You could see 3 gnolls.

Vanquished Creatures
  An adder (D:2)
  4 ball pythons
  2 bats
  5 endoplasms
  2 giant cockroaches
  2 goblins (D:2)
  2 hobgoblins (D:1)
  3 quokkas
  4 frilled lizards
  4 kobolds
  3 rats (D:1)
32 creatures vanquished.

Notes
Turn   | Place    | Note
-------+----------+-------------------------------------------
     0 | D:1      | Laraso the Deep Elf Earth Elementalist began the quest for
                  | the Orb.
     0 | D:1      | Reached XP level 1. HP: 10/10 MP: 6/6
   180 | D:1      | Found Qakidieg's Jewellery Shoppe.
   190 | D:1      | Reached skill level 4 in Spellcasting
   190 | D:1      | Reached XP level 2. HP: 15/15 MP: 7/9
   849 | D:1      | Found a faded altar of an unknown god.
  1232 | D:2      | Reached XP level 3. HP: 19/19 MP: 7/11
  1236 | D:2      | Learned a level 3 spell: Stone Arrow
  1265 | D:2      | Reached skill level 5 in Spellcasting
  1907 | D:3      | Mangled by a gnoll

Illustrated notes

Levels and vault maps discovered:
D:1:      dpeg_arrival_stone_temple_mockup, layout_basic,
          shapermc_ecumenical_altar_mp_urbaneastern, serial_shops, shop,
          minmay_tetromino_s4
D:2:      layout_basic
D:3:      layout_basic, vehumet_altar_wand_db, gammafunk_ghost_nasty_kobolds,
          gup_sewer_entry_bowl

Skill      XL: |  1  2  3 |
---------------+----------+-----
Spellcasting   | 4 5 |  5.3
Dodging        | |  2.4
Stealth        | |  2.4
Conjurations   | |  1.1
Earth Magic    | |  3.2

Action                     || total
---------------------------++-------
   Cast: Sandblast         ||    45
 Armour: Robe              ||     7
  Dodge: Dodged            ||     4
